Map: 匹昂台地

Players

shengy

  • Race: Zerg Zerg
  • League: Gold

Ragnar - Winner!

  • Race: Zerg Zerg
  • League: Gold

VOD

Have the link to the VOD?

Description

Time

  • Played on: Dec. 11, 2015, 12:09 a.m.
  • Length: 9:08
Show
View Real Time Build Order
Export as new Build Order

shengy Zerg 

Build Orders: Pool First, Zergling Baneling 

Get SALT Encoding   

  12  0:01  Drone  
  13  0:10  Drone  
  14  0:21  Overlord  
  14  0:39  Drone x2  
  14  0:40  Drone  
  17  0:57  Spawning Pool  
  17  1:01  Drone, Extractor  
  17  1:02  Drone  
  17  1:21  Drone  
  18  1:30  Overlord  
  18  1:45  Zergling x4  
  20  1:48  Hatchery  
  19  1:58  Zergling x2  
  19  2:01  Queen  
  20  2:04  Metabolic Boost  
  22  2:12  Spine Crawler  
  22  2:15  Zergling x2  
  22  2:22  Zergling x2  
  23  2:29  Baneling Nest  
  21  2:42  Zergling x4  
  23  2:55  Overlord  
  23  2:59  Zergling x2  
  24  3:08  Zergling x2  
  25  3:17  Zergling x2  
  21  3:31  Baneling x3  
  21  3:32  Baneling  
  20  3:35  Zergling x10  
  24  3:56  Zergling x4  
  24  3:58  Baneling  
  24  3:59  Baneling  
  26  4:04  Overlord  
  26  4:17  Zergling x6  
  22  4:41  Zergling x8  
  24  4:48  Baneling x3  
  24  4:58  Overlord  
  22  5:10  Baneling  
  22  5:11  Baneling  
  21  5:16  Drone  
  21  5:17  Drone  
  23  5:33  Zergling x4  
  23  5:35  Extractor  
  24  5:36  Hatchery  
  23  5:48  Baneling  
  23  5:51  Baneling x2  
  23  6:01  Drone x5  
  28  6:13  Drone  
  29  6:20  Roach Warren  
  28  6:27  Extractor, Drone  
  28  6:28  Drone x2  
  29  6:49  Baneling x2  
  29  6:52  Drone x5  
  33  7:15  Lair  
  33  7:19  Overlord x3  
  33  7:22  Zergling x6  
  36  7:39  Queen  
  38  7:49  Evolution Chamber  
  37  8:13  Overlord  
  37  8:24  Roach x3  
  37  8:25  Roach x6  
  55  8:33  Zergling x2  
  58  8:44  Zergling x4  
  58  8:45  Zergling x2  
Show
View Real Time Build Order
Export as new Build Order

Ragnar Zerg - Winner!

Build Orders: Pool First 

Get SALT Encoding   

  12  0:01  Drone  
  13  0:09  Drone  
  14  0:32  Drone, Spawning Pool  
  14  1:02  Hatchery  
  14  1:03  Drone  
  14  1:11  Overlord  
  14  1:27  Extractor  
  14  1:28  Drone  
  14  1:35  Zergling x4  
  14  1:37  Queen  
  14  1:39  Zergling x2  
  19  1:53  Zergling x2  
  21  2:01  Zergling x2  
  21  2:12  Zergling x2  
  21  2:14  Queen  
  24  2:15  Zergling x2  
  24  2:22  Zergling x2  
  26  2:27  Zergling x2  
  27  2:39  Drone  
  28  2:47  Overlord  
  28  2:51  Metabolic Boost  
  28  3:00  Spine Crawler  
  27  3:07  Drone x3  
  27  3:08  Drone x2  
  32  3:16  Drone x2  
  32  3:27  Zergling x2  
  32  3:28  Zergling x4  
  32  3:33  Zergling x2  
  34  4:01  Spine Crawler x2  
  32  4:02  Spine Crawler  
  31  4:10  Drone  
  31  4:12  Hatchery  
  31  4:14  Drone  
  31  4:15  Drone  
  31  4:36  Zergling x8  
  25  4:40  Zergling x2  
  26  4:46  Zergling x6  
  26  4:47  Zergling x2  
  30  4:58  Lair  
  30  5:03  Drone x2  
  30  5:04  Extractor  
  26  5:25  Queen  
  28  5:38  Spine Crawler  
  28  5:40  Drone x5  
  28  5:41  Drone  
  33  5:56  Drone  
  34  6:01  Drone x2  
  36  6:10  Overlord x2  
  36  6:21  Hydralisk Den  
  36  6:25  Drone  
  34  7:03  Queen  
  34  7:04  Hydralisk x5  
  34  7:05  Hydralisk  
  34  7:06  Hydralisk  
  50  7:17  Overlord  
  50  7:18  Overlord  
  50  7:47  Hydralisk  
  50  7:48  Hydralisk x4  
  50  7:50  Hydralisk  
  62  8:01  Hydralisk x2  
  66  8:11  Overlord  
  66  8:22  Drone  
  66  8:23  Overlord x2  
  67  8:33  Hydralisk  
  68  8:48  Zergling x2  
  69  8:49  Zergling x8  
  71  8:55  Spine Crawler  
Tags
 
Add a new tag
Caveats
  • Supply blocks, unpowered buildings, or Contaminate may cause inaccurate times.
  • Supply counts are checked every 10 seconds.